 Seeded DCSS version 0.29.1-13-g9f3cf754e1 (webtiles) character file.

Game seed: 1659463360883832949 (custom seed)

117807 retardedninja the Peltast (level 16, 0/157 HPs)
             Began as a Minotaur Fighter on Jan 24, 2023.
             Was an Initiate of Gozag.
             Succumbed to a swamp dragon's poison gas
             ... on level 4 of the Swamp.
             The game lasted 00:40:11 (29411 turns).

retardedninja the Peltast (Minotaur Fighter)       Turns: 29411, Time: 00:40:11

Health: 0/157      AC: 37    Str: 27    XL:     16   Next: 24%
Magic:  15/15      EV:  7    Int:  7    God:    Gozag
Gold:   4727       SH: 20    Dex: 15    Spells: 15/15 levels left

rFire   . . .      SeeInvis +   L - +3 broad axe (flame)
rCold   + + .      Faith    .   M - +0 tower shield
rNeg    . . .      Spirit   .   F - +10 plate armour {ponderous}
rPois   .          Reflect  .   (helmet restricted)
rElec   +          Harm     .   c - +0 cloak of Sharp Salvation {Will+ Regen+ Int+2}
rCorr   .          Rampage  .   E - +1 pair of gloves of Exclusion {Slay+6}
Will    +++..                   G - +3 pair of mountain boots {steadfast, rC+}
Stlth   ..........              (no amulet)
HPRegen 1.16/turn               t - ring of Hyjuimoi {rElec rC+ Will+}
MPRegen 0.14/turn               D - ring "Bisifo" {*Corrode rElec Dex+3 Slay+3 SInv}

@: mighty, brilliant, lethally poisoned (0 -> -22), gold aura, on berserk
cooldown, slowed, very slow
A: horns 2, retaliatory headbutt
a: Renounce Religion, Potion Petition, Call Merchant, Bribe Branch


You were on level 4 of the Swamp.
You worshipped Gozag.
Gozag was most pleased with you.
You visited 5 branches of the dungeon, and saw 27 of its levels.

You collected 8768 gold pieces.
You spent 2644 gold pieces at shops.
You paid 1397 gold pieces to Gozag.

Inventory:

Hand Weapons
 L - a +3 broad axe of flaming (weapon)
Missiles
 g - a throwing net (quivered)
Armour
 c - the +0 cloak of Sharp Salvation (worn) {Will+ Regen+ Int+2}
   (You found it on level 6 of the Dungeon)

   Int:       It affects your intelligence (+2).
   Regen:     It increases your rate of health regeneration.
   Will:      It increases your willpower.
 E - the +1 pair of gloves of Exclusion (worn) {Slay+6}
   (You bought it in a shop on level 2 of the Dungeon)

   Slay:      It affects your accuracy & damage with ranged weapons and melee
   (+6).
 F - a +10 plate armour of ponderousness (worn)
 G - the +3 pair of mountain boots (worn) {steadfast, rC+}
   (You bought it in a shop on level 1 of the Orcish Mines)

   It prevents involuntary movement, except for blinking, teleportation, or
   banishment.
   rC:        It protects you from cold.
 M - a +0 tower shield (worn)
Jewellery
 t - the ring of Hyjuimoi (left hand) {rElec rC+ Will+}
   (You found it on level 3 of the Dungeon)

   [ring of protection from cold]

   rC:        It protects you from cold.
   rElec:     It insulates you from electricity.
   Will:      It increases your willpower.
 D - the ring "Bisifo" (right hand) {*Corrode rElec Dex+3 Slay+3 SInv}
   (You found it on level 5 of the Lair of Beasts)

   [ring of see invisible]

   Dex:       It affects your dexterity (+3).
   Slay:      It affects your accuracy & damage with ranged weapons and melee
   (+3).
   rElec:     It insulates you from electricity.
   SInv:      It lets you see invisible.
   *Corrode:  It may corrode you when you take damage.
Wands
 m - a wand of digging (11)
 q - a wand of acid (16)
 r - a wand of flame (62)
 x - a wand of paralysis (15)
 B - a wand of roots (18)
Scrolls
 b - 3 scrolls of amnesia
 e - 5 scrolls of teleportation
 j - 3 scrolls of immolation
 p - 7 scrolls of identify
 s - 5 scrolls of poison
 w - 3 scrolls of fog
 y - a scroll of magic mapping
 J - 2 scrolls of fear
Potions
 d - 3 potions of attraction
 h - 6 potions of magic
 i - a potion of curing
 l - 5 potions of ambrosia
 n - 8 potions of mutation
 u - 5 potions of lignification
 v - a potion of resistance
 C - 5 potions of flight
 H - a potion of haste
 I - 4 potions of brilliance
Miscellaneous
 z - a phantom mirror
 N - a phial of floods


   Skills:
 + Level 18.0 Fighting
 + Level 17.8 Axes
 + Level 18.0 Armour
 + Level 18.0 Shields


You had 15 spell levels left.
You didn't know any spells.
Your spell library contained the following spells:

 Spells                   Type           Power      Damage    Failure   Level
 Beastly Appendage        Tmut           0%         N/A       100%        1
 Freeze                   Ice            0%         1d3       100%        1
 Shock                    Conj/Air       0%         1d3       100%        1
 Blink                    Tloc           0%         N/A       100%        2
 Poisonous Vapours        Pois/Air       0%         N/A       100%        2
 Scorch                   Fire           0%         2d5       100%        2
 Sublimation of Blood     Necr           0%         N/A       100%        2
 Wereblood                Tmut           0%         N/A       100%        2
 Call Canine Familiar     Summ           0%         N/A       100%        3
 Conjure Flame            Conj/Fire      0%         6-21      100%        3
 Dazzling Flash           Conj/Hex       0%         N/A       100%        3
 Frozen Ramparts          Ice            0%         1d1       100%        3
 Lesser Beckoning         Tloc           0%         N/A       100%        3
 Portal Projectile        Hex/Tloc       0%         N/A       100%        3
 Spider Form              Tmut/Pois      0%         N/A       100%        3
 Swiftness                Air            0%         N/A       100%        3
 Airstrike                Air            0%         2d(0-16)  100%        4
 Hailstorm                Conj/Ice       0%         3d3       100%        4
 Ice Form                 Ice/Tmut       0%         N/A       100%        4
 Leda's Liquefaction      Hex/Erth       0%         N/A       100%        4
 Petrify                  Tmut/Erth      0%         N/A       100%        4
 Summon Ice Beast         Ice/Summ       0%         N/A       100%        4
 Agony                    Necr           0%         N/A       100%        5
 Blade Hands              Tmut           0%         N/A       100%        5
 Fireball                 Conj/Fire      0%         3d3       100%        5
 Irradiate                Conj/Tmut      0%         3d11      100%        5
 Manifold Assault         Tloc           0%         N/A       100%        5
 Silence                  Hex/Air        0%         N/A       100%        5
 Summon Mana Viper        Hex/Summ       0%         N/A       100%        5
 Starburst                Conj/Fire      0%         6d3       100%        6
 Dragon Form              Tmut           0%         N/A       100%        7
 Monstrous Menagerie      Summ           0%         N/A       100%        7
 Summon Hydra             Summ           0%         N/A       100%        7
 Ignition                 Fire           0%         3d3       100%        8
 Corpse Rot               Necr/Pois/Air  Unusable   N/A       N/A         4

Dungeon Overview and Level Annotations

Branches:
Dungeon (15/15)            Temple (1/1) D:7            Lair (5/5) D:10
  Swamp (4/4) Lair:3        Snake (0/4) Lair:2        Slime (0/5) Lair:4
    Orc (2/2) D:10            Elf (0/3) Orc:2        Vaults (0/5) D:13
 Depths (0/4) D:15

Altars:
Ashenzari
Cheibriados
Dithmenos
Elyvilon
Fedhas
Gozag
Hepliaklqana
Kikubaaqudgha
Makhleb
Nemelex Xobeh
Okawaru
Qazlal
Ru
Sif Muna
Trog
Uskayaw
Vehumet
Wu Jian
Xom
Yredelemnul
Zin
The Shining One
Jiyva

Shops:
D:2 :[:*[   D:8 (   D:9 *   D:12 *!(   Orc:1 [   Orc:2 [([:

Portals:
Trove: D:11 (give +4 shadow dragon scales)

Annotations:
D:7 2 transporters, Agrostarius's ghost, novice DsBe


Innate Abilities, Weirdness & Mutations

You have a pair of horns on your head.
You reflexively headbutt those who attack you in melee.


Message History

The swamp dragon is almost dead.
You slice the bunyip!! You burn the bunyip.
You kill the bunyip!
You are engulfed in poison gas.
You are more poisoned.
You feel extremely sick.
You barely miss the swamp dragon.
The swamp dragon is almost dead.
You are engulfed in poison gas.
You are more poisoned.
You feel extremely sick. You block the swamp dragon's attack.
The swamp dragon claws you but does no damage.
The swamp dragon tramples you but does no damage.
You are engulfed in poison gas.
You are more poisoned.
You feel extremely sick. You block the swamp dragon's attack.
The swamp dragon claws you.
* * * LOW HITPOINT WARNING * * *
You block the swamp dragon's attack.
You feel a strong urge to attack something.
* * * LOW HITPOINT WARNING * * *
You feel extremely sick.
You slice the swamp dragon!! You burn the swamp dragon.
You kill the swamp dragon!
* * * LOW HITPOINT WARNING * * *
You feel very sick.
Your Fighting skill increases to level 18!
Your Armour skill increases to level 18!
Your Shields skill increases to level 18!
* * * LOW HITPOINT WARNING * * *
You feel extremely sick.
You feel a strong urge to attack something.
You are no longer berserk.
You are exhausted.
You feel yourself slow down.
* * * LOW HITPOINT WARNING * * *
You feel extremely sick.
You die...
Your body crumbles into a pile of gold.

...$♣♣♣♣♣[[~~.♣ ..~♣♣♣♣♣♣♣..
..~♣♣ ♣~.~~~~♣ ~~.♣♣♣§~♣♣~~
.♣D♣♣ ♣♣.§~~.♣♣ <~~~~..~~~..♣
~k$.♣♣♣♣......~♣♣
♣♣♣♣♣♣♣..~...♣
.##.D~♣♣~.~~~~.~♣♣♣♣♣♣
♣♣♣.)♣♣♣
.$##♣~..♣..~~$.♣♣♣~~~♣
♣~~~~♣♣ #~~.♣..~$~~.♣.~~~♣
♣♣.~~~~
#♣♣..~~~~$~~♣~~§.♣♣♣♣♣♣♣~~~.♣
#~.~~~~~~~@...~♣..~♣...~~.♣
#♣...~~~....~♣.....~.~~~§~.
♣~~♣~..§~..♣♣.~♣..~.~~~~~.
#~.~~♣...~~~...~~....~~~... $
♣.~.~♣♣§.§~§.~~....~~~~~.~~
~.~..♣♣♣.....~~~.~.~~...♣§~
.~ ♣~~~...~~~.~...~~~..~
♣♣♣♣...§~~~~♣♣.~~~§~~
♣♣..~~~~~~§.~~~~~~


There were no monsters in sight!

Vanquished Creatures
  Jorgrun (Swamp:2)
  2 thorn hunters
  A fenstrider witch (Swamp:2)
  Louise (Swamp:2)
  Nessos (D:12)
  2 eleionomae (Swamp:2)
  2 dire elephants (Swamp:1)
  6 bunyips
  A shambling mangrove (Swamp:2)
  18 hydras
  2 ghost crabs
  A boulder beetle (D:15)
  A centaur warrior (Orc:2)
  5 alligators
  2 catoblepae
  2 dancing weapons (D:13)
  3 two-headed ogres
  6 death yaks (Lair:5)
  A tengu warrior (D:14)
  An orc high priest (Orc:2)
  Amaemon (Lair:3)
  A deep elf knight (Swamp:1)
  Lodul (D:13)
  2 goliath frogs
  6 swamp dragons
  5 spriggan druids
  2 bog bodies
  4 orc knights
  A deep elf pyromancer (D:14)
  Pikel (D:5)
  2 deep elf archers
  3 orc sorcerers (Orc:1)
  10 ugly things
  3 will-o-the-wisps
  2 cyclopes (D:13)
  2 manticores (D:12)
  9 elephants (Lair:5)
  23 cane toads
  4 gargoyles
  8 black mambas
  A torpor snail (Lair:5)
  An orange demon (Lair:3)
  A kobold demonologist (D:14)
  2 rime drakes (Lair:5)
  4 unseen horrors
  8 komodo dragons
  2 efreet
  A tengu conjurer (D:14)
  3 meliai (D:14)
  A queen bee (D:9)
  5 polar bears
  7 trolls
  A raiju (shapeshifter) (D:13)
  12 hornets
  13 tyrant leeches
  A raiju (Swamp:1)
  11 dream sheep
  18 blink frogs
  A shadow (D:10)
  7 spriggans
  4 wyverns
  4 wraiths
  35 yaks
  2 basilisks (Lair:5)
  Grum (Lair:1)
  22 vampire mosquitoes
  2 wargs (Orc:2)
  15 swamp worms
  2 acid dragons
  4 nagas (Lair:2)
  A floating eye (Orc:1)
  8 water moccasins
  38 orc warriors
  An ice beast (D:7)
  11 swamp drakes
  A black bear (D:6)
  14 centaurs
  11 ogres
  5 wolves
  5 kobold brigands
  11 bullfrogs
  3 scorpions
  18 wights
  17 killer bees (D:9)
  12 howler monkeys
  6 electric eels
  27 orc priests
  4 jellies
  11 hounds
  5 iguanas
  22 orc wizards
  Terence (D:3)
  Natasha (twice) (D:4)
  6 adders
  A gnoll (D:4)
  2 white imps
  An ufetubus (D:6)
  A worm (D:5)
  2 dart slugs (D:1)
  70 orcs
  8 bats
  4 endoplasms
  2 giant cockroaches
  12 goblins
  4 hobgoblins
  21 kobolds
  7 quokkas
  9 ball pythons
  6 frilled lizards
  5 rats
  3 briar patches (Swamp:4)
  2 bushes (D:3)
  A butterfly (Lair:3)
741 creatures vanquished.

Vanquished Creatures (others)
  A goliath frog (Swamp:3)
  A swamp dragon (Swamp:3)
  5 bloated husks (Swamp:3)
  A swamp worm (Swamp:2)
  2 centaurs
  2 briar patches (Swamp:4)
  22 foxfires
  24 fungi
  98 plants
156 creatures vanquished.

Grand Total: 897 creatures vanquished

Notes
Turn   | Place    | Note
-------+----------+-------------------------------------------
     0 | D:1      | retardedninja the Minotaur Fighter began the quest for the
                  | Orb.
     0 | D:1      | Reached XP level 1. HP: 19/19 MP: 0/0
     6 | D:1      | Noticed a polar bear
     6 | D:1      | Noticed a wyvern
     6 | D:1      | Noticed an anaconda
     7 | D:1      | Noticed a swamp worm
   272 | D:1      | Reached XP level 2. HP: 24/27 MP: 1/1
   335 | D:1      | Found a faded altar of an unknown god.
   425 | D:1      | Reached XP level 3. HP: 30/33 MP: 2/2
  1138 | D:2      | Found Cumm's Book Shoppe.
  1146 | D:2      | Found Zeoli Quor's Book Emporium.
  1152 | D:2      | Found Cydesh's Armour Shoppe.
  1337 | D:2      | Found Mutaebb's Armour Boutique.
  1486 | D:2      | Found a basalt altar of Yredelemnul.
  1592 | D:2      | Found Bashall's Assorted Antiques.
  1965 | D:3      | Found an ornate altar of the Wu Jian Council.
  1967 | D:3      | Found a glowing golden altar of the Shining One.
  2022 | D:3      | Found a shimmering blue altar of Sif Muna.
  2195 | D:3      | Noticed Terence
  2204 | D:3      | Killed Terence
  2205 | D:3      | Reached XP level 4. HP: 23/41 MP: 3/3
  2208 | D:3      | Identified the ring of Hyjuimoi {rElec rC+ Will+}
  2912 | D:4      | Reached XP level 5. HP: 44/47 MP: 4/4
  3042 | D:4      | Noticed Natasha
  3050 | D:4      | Killed Natasha
  3070 | D:4      | Reached skill level 5 in Fighting
  3070 | D:4      | Reached skill level 5 in Armour
  3070 | D:4      | Reached skill level 5 in Shields
  3078 | D:4      | Reached XP level 6. HP: 20/56 MP: 5/5
  3856 | D:4      | Noticed Natasha
  3859 | D:4      | Killed Natasha
  3954 | D:5      | Entered Level 5 of the Dungeon
  4348 | D:5      | Reached XP level 7. HP: 32/62 MP: 6/6
  4739 | D:5      | Reached skill level 5 in Axes
  5592 | D:5      | Noticed Pikel
  5608 | D:5      | Killed Pikel
  5609 | D:5      | Reached XP level 8. HP: 44/71 MP: 7/7
  6976 | D:6      | Identified the +0 cloak of Sharp Salvation {Will+ Regen+
                  | Int+2}
  7553 | D:6      | Found a sacrificial altar of Ru.
  7583 | D:6      | Found a sparkling altar of Nemelex Xobeh.
  7687 | D:6      | Reached XP level 9. HP: 22/81 MP: 8/8
  8548 | D:7      | Found a staircase to the Ecumenical Temple.
  8562 | D:7      | Found a hazy altar of Hepliaklqana.
  8567 | Temple   | Entered the Ecumenical Temple
  8784 | Temple   | Became a worshipper of Gozag Ym Sagoz the Greedy
  9226 | D:7      | Found a transporter.
 10108 | D:7      | Noticed Agrostarius's ghost (novice DsBe)
 10109 | D:7      | Found a transporter.
 10141 | D:7      | Noticed a moth of wrath
 10471 | D:8      | Found Ryjauga's Weapon Boutique.
 10536 | D:8      | Reached XP level 10. HP: 57/91 MP: 9/9
 10765 | D:8      | Identified the +2 robe of Curiosity {rPois rCorr}
 11024 | D:8      | Noticed a cyclops
 11035 | D:8      | Found a hide-covered altar of Uskayaw.
 11105 | D:8      | Noticed a two-headed ogre
 11164 | D:9      | Reached skill level 10 in Armour
 11164 | D:9      | Reached skill level 10 in Shields
 11180 | D:9      | Reached skill level 10 in Fighting
 11299 | D:9      | Found Xyunet's Assorted Antiques.
 11383 | D:9      | Found a stormy altar of Qazlal.
 11443 | D:9      | Found a burning altar of Makhleb.
 11633 | D:9      | Reached skill level 10 in Axes
 11730 | D:9      | Found an ancient bone altar of Kikubaaqudgha.
 12087 | D:10     | Entered Level 10 of the Dungeon
 12119 | D:10     | Noticed a gargoyle
 12132 | D:10     | Killed a gargoyle
 12156 | D:10     | Found a basalt altar of Yredelemnul.
 12347 | D:10     | Found a staircase to the Lair.
 12351 | D:10     | Reached XP level 11. HP: 94/101 MP: 10/10
 12458 | D:10     | Found a blossoming altar of Fedhas.
 13228 | D:10     | Found a staircase to the Orcish Mines.
 13565 | D:2      | Bought the +1 pair of gloves of Exclusion {Slay+6} for 500
                  | gold pieces
 13565 | D:2      | Bought a +10 plate armour of ponderousness for 600 gold
                  | pieces
 13760 | Lair:1   | Entered Level 1 of the Lair of Beasts
 13985 | Lair:1   | Noticed Grum
 13995 | Lair:1   | Killed Grum
 14513 | Lair:2   | Found a staircase to the Snake Pit.
 15399 | Lair:3   | Found a staircase to the Swamp.
 15405 | Lair:3   | Reached XP level 12. HP: 112/112 MP: 11/11
 15713 | Lair:3   | Noticed a six-headed hydra
 15723 | Lair:3   | Killed a one-headed hydra
 15733 | Lair:3   | Noticed Amaemon
 15742 | Lair:3   | Killed Amaemon
 15800 | Lair:3   | Found a hazy altar of Hepliaklqana.
 16142 | Lair:4   | Noticed an eight-headed hydra
 16149 | Lair:4   | Killed a four-headed hydra
 16357 | Lair:4   | Found a viscous altar of Jiyva.
 16357 | Lair:4   | Found a staircase to the Slime Pits.
 16520 | Lair:4   | You fall into a shaft and drop 1 floor!
 16520 | Lair:5   | Entered Level 5 of the Lair of Beasts
 16724 | Lair:5   | Noticed a seven-headed hydra
 16729 | Lair:5   | Killed a five-headed hydra
 16805 | Lair:5   | Noticed an eight-headed hydra
 16811 | Lair:5   | Killed a five-headed hydra
 16830 | Lair:5   | Noticed a death yak
 16830 | Lair:5   | Noticed a death yak
 16831 | Lair:5   | Noticed a death yak
 16831 | Lair:5   | Noticed a death yak
 16831 | Lair:5   | Noticed a death yak
 16833 | Lair:5   | Noticed a death yak
 16859 | Lair:5   | Killed a death yak
 16860 | Lair:5   | Reached XP level 13. HP: 104/123 MP: 12/12
 17330 | Lair:5   | Reached skill level 15 in Shields
 17335 | Lair:5   | Reached skill level 15 in Armour
 17417 | Lair:5   | Reached skill level 15 in Fighting
 17476 | Lair:5   | Reached XP level 14. HP: 107/135 MP: 13/13
 17510 | Lair:5   | Identified the ring "Bisifo" {*Corrode rElec Dex+3 Slay+3
                  | SInv}
 18196 | D:2      | Bought a pair of spiked gloves for 190 gold pieces
 18196 | D:2      | Identified the +1 pair of gloves "Gecatoiq" {Will- Int+5}
                  | (You bought it in a shop on level 2 of the Dungeon)
 18196 | D:2      | Bought a potion of curing for 60 gold pieces
 18394 | Orc:1    | Entered Level 1 of the Orcish Mines
 18420 | Orc:1    | Reached skill level 15 in Axes
 18562 | Orc:1    | Found Uwuiregy's Antique Armour Shop.
 18624 | Orc:1    | Bought the +3 pair of mountain boots {steadfast, rC+} for
                  | 1038 gold pieces
 18624 | Orc:1    | Found the +3 pair of mountain boots {steadfast, rC+}
 18929 | Orc:2    | Entered Level 2 of the Orcish Mines
 19070 | Orc:2    | Found a staircase to the Elven Halls.
 19106 | Orc:2    | Found Tedeg's Armour Boutique.
 19106 | Orc:2    | Found Cexah's Antique Weapon Shoppe.
 19109 | Orc:2    | Found Otuugg's Armour Emporium.
 19114 | Orc:2    | Found Qunnoahe's Book Shop.
 19687 | Swamp:1  | Entered Level 1 of the Swamp
 20706 | D:11     | Found a portal to a secret trove of treasure.
 20976 | D:11     | Got Coxto's Discourse on Heat and Moulding
 21633 | D:12     | Noticed Nessos
 21649 | D:12     | Killed Nessos
 22054 | D:12     | Found Japlav's Distillery.
 22094 | D:12     | Bought 2 potions of mutation for 256 gold pieces
 22197 | D:12     | Found Deimuwyi's Antique Weapon Boutique.
 22299 | D:12     | Found Xeesta's General Store.
 22529 | D:13     | Found a gate to the Vaults.
 22646 | D:13     | Noticed Lodul
 22661 | D:13     | Killed Lodul
 22856 | D:13     | Reached XP level 15. HP: 143/145 MP: 14/14
 23180 | D:14     | Found a broken altar of Ashenzari.
 23582 | D:14     | Found the +5 glaive of the Guard {elec, spectral, AC+5}
 24271 | D:15     | Entered Level 15 of the Dungeon
 24272 | D:15     | Found a staircase to the Depths.
 24272 | D:15     | Noticed a fire giant
 25608 | Swamp:2  | Noticed a thorn hunter
 25624 | Swamp:2  | Killed a thorn hunter
 25677 | Swamp:2  | Noticed Louise
 25703 | Swamp:2  | Killed Louise
 26159 | Swamp:2  | Noticed Jorgrun
 26171 | Swamp:2  | Killed Jorgrun
 26729 | Swamp:2  | Noticed a fenstrider witch
 26733 | Swamp:2  | Killed a fenstrider witch
 28516 | Swamp:4  | Entered Level 4 of the Swamp
 28673 | Swamp:4  | Reached XP level 16. HP: 123/157 MP: 15/15
 28736 | Swamp:4  | Noticed a thorn hunter
 28753 | Swamp:4  | Killed a thorn hunter
 29411 | Swamp:4  | Succumbed to a swamp dragon's poison gas

Illustrated notes

Levels and vault maps discovered:
D:1:      onia_arrival_zoo_common, layout_loops_ring,
          nicolae_ecumenical_lake_church
D:2:      layout_loops_ring, serial_shops, nicolae_shop_crystal, shop,
          shop_fountains, nicolae_shop_crystal, shop_fountains, basic_altar
D:3:      layout_loops_cross, gammafunk_temple_overflow_forgotten,
          serial_bayou_pond_c, uniq_terence
D:4:      layout_basic, cheibrodos_gnoll_hut, uniq_natasha
D:5:      layout_loops_corners, hangedman_decor_push, lemuel_flame_loot_1,
          uniq_pikel
D:6:      layout_gridville, nicolae_overflow_hidden_temple, old_standard_altar
D:7:      layout_basic, mainiacjoe_overflow_tiny_flanked,
          minmay_temple_entry_sparse_star, gammafunk_ghost_berserking_beasts,
          enter_bailey_5, lightli_minifort
D:8:      layout_gridville, mainiacjoe_overflow_alcove_1, serial_shops,
          nicolae_shop_bloodbath_and_beyond, nrook_campfire, minmay_holes,
          onia_ninara_dug_in_and_dangerous
D:9:      layout_big_octagon, kiku_gazebo_pond_becter,
          mainiacjoe_overflow_boulevard, grunt_qazlal_sundering, serial_shops,
          shop, nicolae_looking_at_the_future
D:10:     layout_loops_ring, kennysheep_mini, mainiacjoe_overflow_catwalk,
          erik_lair_island, david_orc_4, minmay_misc_feat_doors,
          david_defended_altar_orc
D:11:     layout_cave_pods, enter_trove_1
D:12:     layout_long_grid, serial_shops, shop, shop, nicolae_diamond_shop,
          uniq_nessos
D:13:     layout_irregular_city, erik_vaults_1, serial_column_ruins,
          column_ruins_hut, column_ruins_grid_3, column_ruins_columns_T,
          column_ruins_grid_1, column_ruins_open_tiny,
          column_ruins_columns_straight, column_ruins_open_medium, uniq_lodul
D:14:     layout_stronghold, nicolae_ashenzari_panopticon
D:15:     grunt_enter_depths_giant_problem, layout_loops_ring,
          dreamdust_mushroom_princess, grunt_ministairs_9, tso_oasis_becter,
          uniq_kirke
Temple:   jpeg_temple_alley_garden
Lair:1:   layout_hall_layers, uniq_grum
Lair:2:   layout_chaotic_city, minmay_snake_entry_guardpost_small,
          lemuel_fruit_fields
Lair:3:   layout_roguey, minmay_swamp_entry_swarm, lemuel_centaur_altar,
          uniq_amaemon
Lair:4:   layout_cave_shapes, dpeg_slime_entry_enclosed, grunt_megastairs_4,
          serial_bayou_shore_b
Lair:5:   minmay_lair_end_frog_pond, layout_small_grid
Swamp:1:  layout_basic_swamp, nicolae_swamp_long_stream,
          beargit_elvish_explorers
Swamp:2:  layout_basic_swamp, hangedman_swamp_ruin_wall,
          infiniplex_staircase_pool, uniq_jorgrun, uniq_louise
Swamp:3:  nicolae_swamp_husk_halls, layout_basic_swamp,
          evilmike_swamp_ruin_house_2, hangedman_swamp_wriggling
Swamp:4:  swamp, layout_basic_swamp
Orc:1:    hellmonk_paralyzer, layout_caves, serial_shops, shop
Orc:2:    st_orc_rangers, layout_caves

Skill      XL: |  1  2  3  4  5  6  7  8  9 10 11 12 13 14 15 16 |
---------------+-------------------------------------------------+-----
Armour         | 4 5 6 7 9 10 12 13 15 16 17 18 | 18.0
Fighting       | 4 5 6 7 9 10 12 13 15 16 17 18 | 18.0
Shields        | 4 5 6 8 9 10 12 13 15 16 17 18 | 18.0
Axes           | 3 4 6 7 9 10 12 13 14 16 17 | 17.8

Action                   |  1- 3 |  4- 6 |  7- 9 | 10-12 | 13-15 | 16-18 || total
-------------------------+-------+-------+-------+-------+-------+-------++-------
Melee: War axe           |   120 |   144 |   237 |   524 |   348 |       ||  1373
       Headbutt          |    15 |    33 |    44 |   109 |   193 |    16 ||   410
       Broad axe         |       |       |       |       |   516 |    86 ||   602
Invok: Potion Petition   |       |       |       |       |       |     2 ||     2
Evoke: Phantom mirror    |       |       |       |       |     1 |       ||     1
  Use: Potion            |     2 |     4 |     3 |     1 |     7 |    10 ||    27
       Scroll            |       |     9 |    10 |    13 |     7 |     7 ||    46
 Stab: Distracted        |       |       |       |     3 |    11 |       ||    14
       Invisible         |       |       |       |     7 |       |       ||     7
Armor: Scale mail        |    60 |    41 |   103 |       |       |       ||   204
       Plate armour      |       |       |    33 |   385 |   433 |    96 ||   947
Dodge: Dodged            |    59 |    55 |    64 |   135 |   154 |    22 ||   489
Block: Buckler           |    34 |    18 |     2 |       |       |       ||    54
       Kite shield       |       |       |   150 |   383 |   589 |       ||  1122
       Tower shield      |       |       |       |       |   123 |   111 ||   234
